 Dungeon Crawl Stone Soup version 0.23-a0-681-g26ad783 (webtiles) character file.

8884 Lilu the Nimble (level 11, -10/64 HPs)
             Began as a Deep Elf Conjurer on Jan 10, 2019.
             Was a Believer of Sif Muna.
             Killed by the air
             ... invoked by nikopol's ghost
              (13 damage)
             ... on level 9 of the Dungeon.
             The game lasted 00:40:49 (12683 turns).

Lilu the Nimble (Deep Elf Conjurer)                Turns: 12683, Time: 00:40:50

Health: -10/64     AC: 10    Str:  5    XL:     11   Next: 15%
Magic:  9/26       EV: 36    Int: 27    God:    Sif Muna [**....]
Gold:   941        SH:  5    Dex: 15    Spells: 17/28 levels left

rFire    + . .     SeeInvis .   o - +2 flail (crush)
rCold    . . .     Gourm    .   k - +0 buckler
rNeg     + . .     Faith    .   H - +2 robe {rN+}
rPois    .         Spirit   .   B - +0 helmet {Int+3}
rElec    .         Reflect  .   J - +0 cloak
rCorr    .         Harm     .   b - +0 pair of gloves
MR       +....                  A - +2 pair of boots
Stlth    ++........             p - amulet of the acrobat
HPRegen  0.20/turn              t - +1 ring of evasion
MPRegen  0.20/turn              n - ring of protection from fire

@: acrobat, drained, divine energy
A: no striking features
a: Stop Divine Energy, Renounce Religion


You were on level 9 of the Dungeon.
You worshipped Sif Muna.
Sif Muna was pleased with you.
You were not hungry.

You visited 3 branches of the dungeon, and saw 12 of its levels.
You also visited: Sewer.

You collected 941 gold pieces.

Inventory:

Hand Weapons
 o - a +2 flail of crushing (weapon)
 w - a +0 blowgun
 C - the cursed +2 halberd of the Hierophant {venom, MR+}
   (You took it off an orc warrior on level 9 of the Dungeon)

   It poisons the flesh of those it strikes.
   It affects your resistance to hostile enchantments.
   It has a curse placed upon it.
Missiles
 x - 69 poisoned needles
Armour
 b - a +0 pair of gloves (worn)
 k - a +0 buckler (worn)
 A - a +2 pair of boots (worn)
 B - a +0 helmet of intelligence (worn)
 D - the cursed +0 scale mail of the Eternal Void {rC+ rN+ MR+}
   (You found it on level 8 of the Dungeon)

   It protects you from cold.
   It protects you from negative energy.
   It affects your resistance to hostile enchantments.
   It has a curse placed upon it.
 H - a +2 robe of positive energy (worn)
 J - a +0 cloak (worn)
Magical Staves
 i - an uncursed staff of earth
Jewellery
 n - a ring of protection from fire (right hand)
 p - an amulet of the acrobat (around neck)
 r - an uncursed ring of see invisible
 t - a +1 ring of evasion (left hand)
Wands
 d - a wand of iceblast (12)
 y - a wand of digging (4)
 K - a wand of flame (36)
Scrolls
 e - a scroll of teleportation
 F - a scroll of remove curse
 I - a scroll of blinking
 M - a scroll of identify
Potions
 a - 2 potions of haste
 f - 3 potions of berserk rage
 g - a potion of resistance
 h - 7 potions of flight
 j - 2 potions of heal wounds
 l - 5 potions of agility
 m - 5 potions of might
 q - 13 potions of curing
 u - a potion of invisibility
 v - a potion of ambrosia
 z - a potion of lignification
 E - a potion of brilliance
Comestibles
 c - 16 rations


   Skills:
 + Level 5.9(5.5) Fighting
 + Level 11.5(11.1) Dodging
 - Level 2.7(2.3) Stealth
 - Level 4.0(3.6) Shields
 - Level 9.0(8.5) Spellcasting
 + Level 11.3(10.8) Conjurations


You had 17 spell levels left.
You knew the following spells:

 Your Spells              Type           Power        Failure   Level  Hunger
a - Magic Dart            Conj           ####         1%          1    None
b - Searing Ray           Conj           ######       1%          2    None
c - Iskenderun's Mystic   Conj           ######..     1%          4    #......
d - Fulminant Prism       Conj/Hex       #####.....   5%          4    #......

Your spell library contained the following spells:

 Spells                   Type           Power        Failure   Level  Hunger
 Dazzling Spray           Conj/Hex       #####.       1%          3    None
 Animate Skeleton         Necr           N/A          5%          1    None
 Apportation              Tloc           ##....       5%          1    None
 Confusing Touch          Hex            ##....       5%          1    None
 Summon Small Mammal      Summ           ##..         5%          1    None
 Force Lance              Conj/Tloc      #####...     5%          4    #......


Dungeon Overview and Level Annotations

Branches:
Dungeon (10/15)            Temple (1/1) D:7            Lair (1/6) D:8
    Orc: D:9-12

Altars:
Ashenzari
Cheibriados
Dithmenos
Elyvilon
Fedhas
Gozag
Hepliaklqana
Kikubaaqudgha
Makhleb
Nemelex Xobeh
Okawaru
Qazlal
Ru
Sif Muna
Trog
Uskayaw
Vehumet
Wu Jian
Xom
Yredelemnul
Zin
The Shining One
Beogh

Shops:
D:7 %

Annotations:
D:9 nikopol's ghost, journeyman DEFE
D:10 Harold


Message History

Nikopol's ghost hits you but does no damage.
The searing ray misses nikopol's ghost.
You finish channeling your searing ray.
Nikopol's ghost hits you but does no damage.
Nikopol's ghost completely misses you.
Nikopol's ghost gestures at you while chanting.
The fireball explodes!
The fireball engulfs you! You resist.
You see here 7 bolts.
Nikopol's ghost points at you and mumbles some strange words.
The bolt of magma misses you.
Nikopol's ghost waves its arms in wide circles.
The air twists around and strikes you!
* * * LOW HITPOINT WARNING * * *
Your magical contamination has completely faded away.
Okay, then.
As you read the scroll of teleportation, it crumbles to dust.
You feel strangely unstable.
Your surroundings suddenly seem different.
Nikopol's ghost waves its arms in wide circles.
The air twists around and strikes you!
You die...

#....##......####.##...........>.
................#.##.............
##................#..............
#.#...###W.##.......#...........
###...####..#.#..##.........####
##...(.........##.......####..
##.......#...............#....
#..#.....##.......#......#....
#.....#......@....#...........
#.....#.......................
##.###..(.....[..........#.##.
####...##........#..........#####
#.................##.............
#...............###.....#........
#..........###..#.#....##.......#
#...........###........##....#...
##.....##....#.....#####...#.#...


You could see nikopol's ghost.

Vanquished Creatures
  Erica (D:8)
  Nergalle (D:10)
  An unseen horror (D:10)
  Maurice (D:8)
  A spiny frog (Lair:1)
  Grinder (D:6)
  2 hippogriffs
  Eustachio (D:6)
  Menkaure (D:4)
  Grum (D:10)
  A hungry ghost (D:8)
  A water moccasin (D:5)
  3 orc warriors
  3 sky beasts
  2 black bears
  3 ice beasts
  A hornet zombie (D:7)
  3 phantoms
  7 ogres
  8 wolves
  3 centaurs
  A crocodile (D:8)
  5 bullfrogs
  3 big kobolds
  2 scorpions
  5 killer bees
  3 wights (D:9)
  6 crimson imps
  2 bullfrog zombies
  8 hounds
  2 orc priests
  5 bullfrog skeletons
  A jelly (D:7)
  2 orc wizards
  4 iguanas
  5 worker ants
  2 hound zombies (D:8)
  2 worker ant zombies
  A hound skeleton (D:5)
  2 howler monkey zombies
  4 gnolls (D:5)
  16 adders
  4 shadow imps
  2 adder skeletons (D:4)
  4 worms
  2 dart slugs
  6 leopard geckos
  20 orcs
  11 bats
  9 giant cockroaches
  9 goblins
  5 hobgoblins
  9 jackals
  3 quokkas
  4 ball pythons
  7 frilled lizards
  A jackal zombie (D:6)
  25 kobolds
  2 quokka skeletons
  13 rats
263 creatures vanquished.

Vanquished Creatures (collateral kills)
  A wight (D:9)
1 creature vanquished.

Vanquished Creatures (others)
  An orc warrior (D:8)
  A bullfrog (D:8)
  An orc priest (D:8)
  A worker ant (D:8)
  A giant cockroach (D:4)
  9 fulminant prisms
14 creatures vanquished.

Grand Total: 278 creatures vanquished

Notes
Turn   | Place    | Note
-------+----------+-------------------------------------------
     0 | D:1      | Lilu the Deep Elf Conjurer began the quest for the Orb.
     0 | D:1      | Reached XP level 1. HP: 10/10 MP: 6/6
   232 | D:1      | Reached XP level 2. HP: 15/15 MP: 1/8
   236 | D:1      | Learned a level 2 spell: Searing Ray
  1151 | D:2      | Reached XP level 3. HP: 19/19 MP: 7/10
  1493 | D:2      | Reached skill level 5 in Conjurations
  1511 | D:2      | Reached XP level 4. HP: 24/24 MP: 9/12
  1632 | D:2      | Learned a level 4 spell: Iskenderun's Mystic Blast
  1663 | D:2      | Learned a level 4 spell: Fulminant Prism
  2179 | D:3      | Reached XP level 5. HP: 24/28 MP: 7/13
  2779 | D:4      | Reached skill level 1 in Shields
  2780 | D:4      | Reached skill level 5 in Spellcasting
  2944 | D:4      | Noticed Menkaure
  2950 | D:4      | Killed Menkaure
  2950 | D:4      | Reached XP level 6. HP: 18/32 MP: 10/16
  3312 | D:4      | Reached skill level 5 in Dodging
  3756 | D:5      | Entered Level 5 of the Dungeon
  3957 | D:5      | Reached XP level 7. HP: 36/36 MP: 9/18
  4684 | D:5      | Reached XP level 8. HP: 38/41 MP: 1/20
  5078 | D:5      | Found a shadowy altar of Dithmenos.
  5186 | D:6      | Noticed Eustachio
  5196 | D:6      | Killed Eustachio
  5321 | D:6      | Noticed Grinder
  5336 | D:6      | Killed Grinder
  5607 | D:6      | Found a glowing drain.
  5633 | Sewer    | Entered a sewer
  6300 | D:6      | Reached XP level 9. HP: 26/45 MP: 17/23
  6369 | D:6      | Found an iron altar of Okawaru.
  6661 | D:7      | Found Korot's Food Shop.
  6790 | D:7      | Found a sparkling altar of Nemelex Xobeh.
  7435 | D:7      | Reached skill level 1 in Fighting
  7659 | D:7      | Found a staircase to the Ecumenical Temple.
  7667 | Temple   | Entered the Ecumenical Temple
  7844 | Temple   | Became a worshipper of Sif Muna the Loreminder
  8079 | D:8      | Found a shimmering altar of Xom.
  8206 | D:8      | Noticed Erica
  8701 | D:8      | Noticed Maurice
  8958 | D:8      | Killed Erica
  8958 | D:8      | Reached * piety under Sif Muna
  8958 | D:8      | Reached XP level 10. HP: 56/56 MP: 13/25
  9106 | D:8      | Got a transparent scale mail
  9215 | D:8      | Reached skill level 10 in Dodging
  9393 | D:8      | Reached skill level 10 in Conjurations
  9595 | D:8      | Found a sacrificial altar of Ru.
  9595 | D:8      | Found a radiant altar of Vehumet.
  9596 | D:8      | Found a hazy altar of Hepliaklqana.
  9617 | D:8      | Identified the cursed +0 scale mail of the Eternal Void
                  | {rC+ rN+ MR+} (You found it on level 8 of the Dungeon)
  9624 | D:8      | Killed Maurice
 10007 | D:8      | Found an opulent altar of Gozag.
 10120 | D:8      | Found a staircase to the Lair.
 10334 | Lair:1   | Entered Level 1 of the Lair of Beasts
 10733 | Lair:1   | Noticed a spiny frog
 10748 | Lair:1   | Killed a spiny frog
 10748 | Lair:1   | Reached skill level 5 in Fighting
 11171 | D:9      | Found a runed gate.
 11172 | D:9      | Found a runed gate.
 11172 | D:9      | Noticed nikopol's ghost (journeyman DEFE)
 11172 | D:9      | Identified the cursed +2 halberd of the Hierophant {venom,
                  | MR+}
 11173 | D:9      | Found a runed gate.
 11553 | D:9      | Found a roughly hewn altar of Beogh.
 11998 | D:10     | Entered Level 10 of the Dungeon
 12011 | D:10     | Noticed Grum
 12018 | D:10     | Killed Grum
 12181 | D:10     | Noticed an unseen horror
 12188 | D:10     | Killed an unseen horror
 12188 | D:10     | Reached ** piety under Sif Muna
 12188 | D:10     | Reached XP level 11. HP: 59/64 MP: 13/26
 12394 | D:10     | Noticed Nergalle
 12509 | D:10     | Noticed a spectral orc warlord
 12513 | D:10     | Killed Nergalle
 12524 | D:10     | Noticed Harold
 12677 | D:9      | HP: 2/64 [nikopol's ghost/the air (23)]
 12683 | D:9      | Killed from afar by nikopol's ghost

Vault maps used:
D:1:      sevenhm_arrival_forest_fort_small_3
D:2:      first_ration
D:4:      lemuel_old_faithful, uniq_menkaure
D:5:      minmay_polygon_palace, lemuel_crystal_altar
D:6:      lemuel_crystal_altar, cheibrodos_sewer_entry_bend, uniq_grinder,
          uniq_eustachio
D:7:      overflow_temple_1_default, temple_statues, serial_shops, shop
D:8:      grunt_gozag_breadcrumbs, gammafunk_temple_overflow_forgotten,
          lair_entry_dummy, xom_confusion_cloud, uniq_maurice, uniq_erica
D:9:      biasface_ghost_orc_armoury
D:10:     uniq_grum, uniq_urug, uniq_nergalle, uniq_harold
Temple:   regret_index_temple_generic_petals
Lair:1:   grunt_megastairs_3
Sewer:    kennysheep_pipe_town

Skill      XL: |  1  2  3  4  5  6  7  8  9 10 |
---------------+-------------------------------+-----
Dodging        | 3 4 5 6 7 9 11 | 11.5
Spellcasting   | 4 5 6 8 9 |  9.0
Conjurations   | 5 6 8 9 11 | 11.3
Shields        | 1 2 3 4 |  4.0
Fighting       | 3 5 |  5.9
Stealth        | |  2.7

Action                   |  1- 3 |  4- 6 |  7- 9 | 10-12 || total
-------------------------+-------+-------+-------+-------++-------
Melee: Flail             |       |    79 |   113 |    61 ||   253
 Cast: Magic Dart        |    69 |    60 |   105 |    62 ||   296
       Searing Ray       |       |     6 |    50 |    51 ||   107
       Iskenderun's Myst |       |       |     3 |    23 ||    26
       Fulminant Prism   |       |       |     1 |     8 ||     9
Invok: Divine Energy     |       |       |       |     1 ||     1
  Use: Scroll            |       |     8 |     6 |    16 ||    30
 Stab: Sleeping          |       |     2 |     2 |     1 ||     5
  Eat: Chunk             |     2 |     7 |    14 |    12 ||    35
       Ration            |       |       |     1 |       ||     1
Armor: Robe              |     1 |       |       |    18 ||    19
       Leather armour    |       |    21 |    47 |    32 ||   100
Dodge: Dodged            |     5 |    73 |   233 |   297 ||   608
Block: Buckler           |       |    21 |    71 |    71 ||   163

Table legend:
 A = Non-vault XP
 B = Vault XP
 C = Vault XP percentage of total XP
 D = Non-vault monster count
 E = Vault monster count
 F = Vault count percentage of total count
                 A         B        C        D         E       F
            +---------+---------+-------+---------+---------+-------
      Total |    8065 |    4627 |  36.5 |     207 |      57 |  21.6
            +---------+---------+-------+---------+---------+-------
        D:1 |      38 |       0 |   0.0 |      22 |       0 |   0.0
        D:2 |     116 |       0 |   0.0 |      27 |       0 |   0.0
        D:3 |      53 |       0 |   0.0 |      16 |       0 |   0.0
        D:4 |     296 |     183 |  38.2 |      20 |       1 |   4.8
        D:5 |     496 |     407 |  45.1 |      19 |       8 |  29.6
        D:6 |     859 |     502 |  36.9 |      19 |       4 |  17.4
        D:7 |     953 |       0 |   0.0 |      20 |       0 |   0.0
        D:8 |    2813 |    1770 |  38.6 |      40 |       8 |  16.7
        D:9 |     712 |     321 |  31.1 |      10 |       8 |  44.4
       D:10 |    1311 |    1237 |  48.5 |      13 |       4 |  23.5
     Lair:1 |     418 |       0 |   0.0 |       1 |       0 |   0.0
      Sewer |       0 |     207 | 100.0 |       0 |      24 | 100.0
            +---------+---------+-------+---------+---------+-------
